 Dungeon Crawl Stone Soup version 0.30.1-3-gfc49f6343a (webtiles) character file.

Game seed: 10849330756209103180

28 KyoPewz the Cudgeller (level 3, -7/36 HPs)
             Began as an Ogre Gladiator on July 31, 2023.
             Engulfed by a cloud of flame (13 damage)
             ... on level 1 of the Dungeon.
             The game lasted 00:01:44 (958 turns).

KyoPewz the Cudgeller (Ogre Gladiator)               Turns: 958, Time: 00:01:44

Health: -7/36      AC:  3    Str: 20    XL:     3   Next: 14%
Magic:  3/3        EV: 10    Int:  9    God:
Gold:   34         SH:  0    Dex: 10    Spells: 2/2 levels left

rFire   . . .        a - +0 flail
rCold   . . .        (no shield)
rNeg    . . .        b - +0 robe
rPois   .            c - +0 hat
rElec   .            (no cloak)
rCorr   .            (gloves unavailable)
SInv    .            (boots unavailable)
Will    .....        (no amulet)
Stlth   +            (no ring)
HPRegen 0.26/turn    (no ring)
MPRegen 0.08/turn

%: no passive effects
@: no status effects
A: large, unfitting armour, tough skin 1
a: no special abilities


You were on level 1 of the Dungeon.
You visited 1 branch of the dungeon, and saw 1 of its levels.

You collected 34 gold pieces.

Inventory:

Hand Weapons
 a - a +0 flail (weapon)
Missiles
 d - 3 throwing nets (quivered)
 e - a large rock
 i - 2 boomerangs
 j - 10 stones
Armour
 b - a +0 robe (worn)
 c - a +0 hat (worn)
Scrolls
 g - a scroll of identify {unknown}
Potions
 f - a potion of curing {unknown}
 h - a potion of ambrosia {unknown}


   Skills:
 - Level 2.6 Fighting
 + Level 3.3 Maces & Flails
 + Level 2.8 Throwing
 - Level 2.6 Dodging


You had 2 spell levels left.
You didn't know any spells.
Your spell library was empty.

Dungeon Overview and Level Annotations

Branches:
Dungeon (1/15)

Altars:


Innate Abilities, Weirdness & Mutations

You are too large for most types of armour.
You have tough skin. (AC +1)


Message History

The kobold is moderately wounded.
The kobold hits you with a +0 club. x2
You take 3 damage, and have 33/36 hp.
You hit the kobold.
You kill the kobold!
No target in view!
No target in view!
Things that are here:
a +0 club; a kobold corpse Partly explored, can't reach some items.
Health restored: 36 Partly explored, can't reach some items.
Really walk into a travel-excluded area?
Really walk into that cloud of flame?
Okay, then.
Really walk into a travel-excluded area?
You are engulfed in blazing flames.
You take 16 damage, and have 20/36 hp.
MASSIVE DAMAGE!!
You start resting.
HP restored.
Health restored: 36 You are engulfed in blazing flames.
You take 14 damage, and have 22/36 hp.
MASSIVE DAMAGE!!
You start resting.
HP restored.
Health restored: 36 You are engulfed in blazing flames.
Ouch! That really hurt!
You take 22 damage, and have 14/36 hp.
MASSIVE DAMAGE!!
You start resting.
HP restored.
Health restored: 36 Unknown command.
You are engulfed in blazing flames.
You take 13 damage, and have 23/36 hp.
MASSIVE DAMAGE!!
You are engulfed in blazing flames.
* * * LOW HITPOINT WARNING * * *
You take 17 damage, and have 6/36 hp.
MASSIVE DAMAGE!!
You are engulfed in blazing flames.
You die...

..# #....# #§§.# #....#
..###....# #.§.# #....#
........## #§§.# #....#
.........#####...#####....#
........>.[§......§○○.....#
.......#...§§.[$..°☼○.....#
)......##$§.§.?)...☼§[....###
.........#####...#####......#
.........# #○§@# #......#
.........# #☼§○# #......#
.........# #°§§# #.)....#
.........#####...#####......#
######...........##.........#
##############.........#
###########


There were no monsters in sight!

Vanquished Creatures
  2 dart slugs (D:1)
  A ball python (D:1)
  3 endoplasms (D:1)
  A giant cockroach (D:1)
  4 goblins (D:1)
  A hobgoblin (D:1)
  2 kobolds (D:1)
  2 quokkas (D:1)
  2 bats (D:1)
  2 frilled lizards (D:1)
  2 rats (D:1)
22 creatures vanquished.

Notes
Turn   | Place    | Note
-------+----------+-------------------------------------------
     0 | D:1      | KyoPewz the Ogre Gladiator began the quest for the Orb.
     0 | D:1      | Reached XP level 1. HP: 22/22 MP: 1/1
    76 | D:1      | Reached XP level 2. HP: 29/29 MP: 2/2
    79 | D:1      | Reached skill level 3 in Maces & Flails
   454 | D:1      | Reached XP level 3. HP: 36/36 MP: 3/3
   958 | D:1      | Engulfed by a cloud of flame

Illustrated notes

Levels and vault maps discovered:
D:1:      dreamdust_arrival_beginning_and_end, layout_basic, lemuel_flame_loot_1

Skill      XL: |  1  2 |
---------------+-------+-----
Maces & Flails | 3 |  3.3
Fighting       | |  2.6
Throwing       | |  2.8
Dodging        | |  2.6

Action                     || total
---------------------------++-------
  Melee: Flail             ||    53
   Stab: Sleeping          ||     1
 Armour: Robe              ||    17
  Dodge: Dodged            ||    29
